 Dungeon Crawl Stone Soup version 0.18.1-50-g88ac8fd (webtiles) character file.

2217 aeluma the Ruffian (level 9, -1/198 HPs)
             Began as a Troll Monk on Oct 7, 2016.
             Was a Priest of Trog.
             Slain by a gnoll (4 damage)
             ... on level 7 of the Dungeon.
             The game lasted 00:14:52 (5701 turns).

aeluma the Ruffian (Troll Monk)                     Turns: 5701, Time: 00:14:53

Health: -1/198     AC: 24    Str: 28    XL:     9   Next: 13%
Magic:  8/8        EV:  1    Int:  4    God:    Trog [***...]
Gold:   160        SH:  0    Dex: 13    Spells: 0 memorised, 8 levels left

rFire  . . .     SeeInvis .       - Unarmed
rCold  . . .     Gourm    +     (armour currently unavailable)
rNeg   + + +     Faith    .     (no shield)
rPois  +         Spirit   .     (helmet currently unavailable)
rElec  .         Dismiss  .     (cloak currently unavailable)
rCorr  .         Reflect  .     (gloves unavailable)
SustAt .         Harm     .     (boots unavailable)
MR     .....     NoTele   +     (no amulet)
Stlth  ..........               (no ring)
                                (no ring)

@: berserking, lethally poisoned (-1 -> -2), tree-form, very quick, not
resistant to hostile enchantments, extremely unstealthy
A: unfitting armour, (claws 0), dopey 1, fast metabolism 3, gourmand,
regeneration 2, screaming 1, (shaggy fur 0), (tough skin 0), wild magic 1
a: Berserk, Trog's Hand, Burn Spellbooks, Renounce Religion


You were on level 7 of the Dungeon.
You worshipped Trog.
Trog was most pleased with you.
You were very full.
You were a tree.
You visited 2 branches of the dungeon, and saw 8 of its levels.

You collected 460 gold pieces.
You spent 300 gold pieces at shops.

Inventory:

Hand Weapons
 y - a +3 trident of venom
Armour
 a - a +1 robe (melded)
 e - a +0 scale mail
Jewellery
 l - an uncursed ring of protection from magic {unknown}
 v - a cursed amulet of inaccuracy {unknown}
Wands
 k - a wand of enslavement (11/24)
 w - a wand of paralysis (14/24)
Scrolls
 d - 2 scrolls of enchant weapon
 f - a scroll of magic mapping
 g - a scroll of identify
 h - a scroll of immolation
 i - a scroll of vulnerability {unknown}
 o - a scroll of teleportation
 q - 2 scrolls of remove curse
 x - a scroll of recharging {unknown}
Potions
 c - 5 potions of flight
 j - 2 potions of magic
 m - a potion of mutation
 r - a potion of brilliance {unknown}
 u - 2 potions of resistance
Comestibles
 b - 11 bread rations
 p - 2 meat rations
 t - a royal jelly


   Skills:
 + Level 5.0 Fighting
 * Level 3.8 Armour
 + Level 6.2 Dodging
 + Level 2.9 Stealth
 + Level 6.8 Unarmed Combat


You had 8 spell levels left.
You didn't know any spells.

Dungeon Overview and Level Annotations

Branches:
Dungeon (7/15)             Temple (1/1) D:4

Altars:
Ashenzari
Cheibriados
Gozag
Kikubaaqudgha
Nemelex Xobeh
Okawaru
Qazlal
Ru
Sif Muna
Trog
Vehumet
Xom
Yredelemnul
Zin
The Shining One

Shops:
D:5 %


Innate Abilities, Weirdness & Mutations

You are too large for most types of armour.
((You have claws for hands.))
Your metabolism is lightning-fast.
You like to eat raw meat.
You heal very quickly.
((You are covered in fur (AC +1).))
((You have very tough skin (AC +2).))
You are dopey. (Int -2)
You occasionally shout uncontrollably at your foes.
Your spells are a little harder to cast, but a little more powerful.


Message History

The killer bee is almost dead.
The killer bee stings you but does no damage.
The gnoll hits you but does no damage.
You pummel the killer bee!!
You kill the killer bee!
Trog accepts your kill.
You feel sick. The gnoll hits you.
* * * LOW HITPOINT WARNING * * *
You pummel the gnoll!!
You kill the gnoll!
Trog accepts your kill. The gnoll hits you but does no damage.
You pummel the gnoll!!
You feel the power of Trog in you as your rage grows.
You kill the gnoll!
Trog accepts your kill. The gnoll hits you but does no damage.
You completely miss the gnoll.
You feel sick.
You barely miss the gnoll. Your punch misses the gnoll. The gnoll hits you.
You die...

##.......###
#.####......###
##...####
#.#.......### #####
#.......###
###.........###
#.....(.......###
...#.#...........##
...###..#...>.......#
.# ##.#...........#
#)♣#...<......#
#.g#..........#
..#.##........##
.......#.......##
..... ...##.....##
..........##...##
.... ..... ##.##
#......##.. ##


You could see a gnoll.

Vanquished Creatures
  The ghost of HopefulHyena the Cleaver, a novice MiBe of Trog (D:6)
  An ice beast (D:6)
  An orc warrior (D:6)
  2 ogres
  2 centaurs (D:5)
  6 giant frogs
  A gnoll sergeant (D:6)
  3 scorpions (D:5)
  3 killer bees (D:7)
  The ghost of Enish the Gusty, a weakling DrAE (D:3)
  A crimson imp (D:5)
  2 orc priests (D:6)
  An orc wizard (D:5)
  2 hounds
  2 iguanas (D:4)
  Terence (D:2)
  5 worker ants
  10 gnolls
  7 adders
  An adder skeleton (D:5)
  3 worms
  8 dart slugs
  4 giant geckos
  6 orcs
  A ball python (D:5)
  3 bat zombies (D:5)
  5 giant cockroaches
  6 goblins
  11 hobgoblins
  9 jackals
  2 quokkas (D:5)
  2 bats
  A giant gecko skeleton (D:6)
  A giant gecko zombie (D:6)
  4 giant newts
  A jackal zombie (D:6)
  3 kobolds
  A quokka skeleton (D:6)
  A rat zombie (D:5)
125 creatures vanquished.

Notes
Turn   | Place    | Note
--------------------------------------------------------------
     0 | D:1      | aeluma the Troll Monk began the quest for the Orb.
     0 | D:1      | Reached XP level 1. HP: 22/22 MP: 0/0
   212 | D:1      | Reached XP level 2. HP: 23/29 MP: 1/1
   605 | D:2      | Found a radiant altar of Vehumet.
   679 | D:2      | Noticed Terence
   693 | D:2      | Killed Terence
   693 | D:2      | Reached XP level 3. HP: 30/36 MP: 2/2
  1009 | D:2      | Reached XP level 4. HP: 44/44 MP: 3/3
  1293 | D:2      | Found a stormy altar of Qazlal.
  1294 | D:2      | Found an opulent altar of Gozag.
  1909 | D:3      | Noticed Enish's ghost (weakling DrAE)
  1964 | D:3      | Killed Enish's ghost
  1964 | D:3      | Reached XP level 5. HP: 53/53 MP: 4/4
  2565 | D:4      | Reached skill level 5 in Unarmed Combat
  2587 | D:4      | Found a staircase to the Ecumenical Temple.
  2596 | Temple   | Entered the Ecumenical Temple
  2910 | D:4      | Noticed an ogre
  2916 | D:4      | Killed an ogre
  2916 | D:4      | Reached skill level 1 in Armour
  2916 | D:4      | Reached XP level 6. HP: 53/61 MP: 5/5
  3224 | D:4      | You fall through a shaft for 2 floors!
  3256 | D:6      | Noticed an ice beast
  3268 | D:6      | Killed an ice beast
  3268 | D:6      | Reached XP level 7. HP: 42/68 MP: 6/6
  3291 | D:5      | Entered Level 5 of the Dungeon
  3310 | D:5      | Found a deep blue altar of Sif Muna.
  4099 | D:5      | Found a bloodstained altar of Trog.
  4122 | D:5      | Became a worshipper of Trog the Wrathful
  4122 | D:5      | Reached * piety under Trog
  4122 | D:5      | Reached ** piety under Trog
  4243 | D:5      | Found Zutain's Food Shoppe.
  4246 | D:5      | Bought a bread ration for 50 gold pieces
  4246 | D:5      | Bought a bread ration for 50 gold pieces
  4246 | D:5      | Bought a meat ration for 50 gold pieces
  4246 | D:5      | Bought a bread ration for 50 gold pieces
  4246 | D:5      | Bought a bread ration for 50 gold pieces
  4246 | D:5      | Bought a bread ration for 50 gold pieces
  4552 | D:5      | Found an ancient bone altar of Kikubaaqudgha.
  4679 | D:6      | Reached XP level 8. HP: 61/78 MP: 7/7
  4838 | D:6      | Reached skill level 5 in Dodging
  4943 | D:6      | Noticed HopefulHyena's ghost (novice MiBe)
  4973 | D:6      | Gained mutation: Your spells are a little harder to cast, but a little more powerful. [potion of mutation]
  4973 | D:6      | Gained mutation: You occasionally shout uncontrollably at your foes. [potion of mutation]
  4973 | D:6      | Gained mutation: You are dopey. (Int -2) [potion of mutation]
  4979 | D:6      | Killed HopefulHyena's ghost
  5433 | D:6      | Reached *** piety under Trog
  5433 | D:6      | Reached XP level 9. HP: 85/87 MP: 8/8
  5434 | D:6      | Found a basalt altar of Yredelemnul.
  5643 | D:7      | Reached skill level 5 in Fighting
  5689 | D:7      | HP: 6/132 [killer bee (1)]
  5695 | D:7      | HP: 4/198 [poisoned by a killer bee]
  5700 | D:7      | HP: 2/198 [poisoned by a killer bee]
  5701 | D:7      | Slain by a gnoll

Skill      XL: |  1  2  3  4  5  6  7  8  9 |
---------------+----------------------------+-----
Dodging        | 3 4 6 |  6.2
Fighting       | 3 4 5 |  5.0
Unarmed Combat | 5 6 |  6.8
Armour         | 1 2 3 |  3.8
Stealth        | 2 |  2.9

Action                   |  1- 3 |  4- 6 |  7- 9 || total
-------------------------+-------+-------+-------++-------
Melee: Unarmed           |    73 |   104 |   208 ||   385
       Punch             |     3 |     1 |     8 ||    12
Invok: Berserk           |       |       |     1 ||     1
  Use: Scroll            |       |    14 |     2 ||    16
       Potion            |       |       |     6 ||     6
 Stab: Sleeping          |     1 |     5 |     2 ||     8
       Distracted        |       |       |     2 ||     2
  Eat: Chunk             |     9 |    26 |    22 ||    57
Armor: Robe              |    24 |    24 |    68 ||   116
       Skin              |       |       |    28 ||    28
Dodge: Dodged            |    29 |    48 |   183 ||   260
